 Dungeon Crawl Stone Soup version 0.14-a0-2950-gbe29d66 (webtiles) character file.

129 Kae the Cudgeler (level 3, 0/32 HPs)
             Began as a Naga Gladiator on Mar 4, 2014.
             Slain by an orc (4 damage)
             ... on Level 3 of the Dungeon.
             The game lasted 00:01:10 (1884 turns).

Kae the Cudgeler (Naga Gladiator)                   Turns: 1884, Time: 00:01:11

HP   0/32        AC  4     Str 18      XL: 3   Next: 16%
MP   3/3         EV 10     Int  8      God:
Gold 100         SH  0     Dex 11      Spells:  0 memorised,  2 levels left

rFire  . . .     SeeInvis +     t - +0,+1 whip (venom)
rCold  . . .     Clarity  .     b - +1 leather armour
rNeg   . . .     Conserve .     (no shield)
rPois  +         rCorr    .     c - +0 helmet
rElec  .         rRot     .     (no cloak)
SustAb . .       Spirit   .     (no gloves)
rMut   .         Warding  .     (no barding)
Saprov . . .     Stasis   .     (no amulet)
MR     .....                    (no ring)
                                (no ring)

@: very slow, not resistant to hostile enchantments, very unstealthy
A: spit poison, see invisible, deformed body, poison resistance, slowness 2, AC
+1
a: Spit Poison


You were on level 3 of the Dungeon.
You were hungry.

You visited 1 branch of the dungeon, and saw 3 of its levels.

You collected 100 gold pieces.

Inventory:

Hand weapons
 a - a +0,+0 mace
 t - a +0,+1 whip of venom (weapon)
Missiles
 d - 3 throwing nets (quivered)
Armour
 b - a +1 leather armour (worn)
 c - a +0 helmet (worn)
Comestibles
 f - 3 bread rations
 n - a meat ration
 o - a chunk of kobold flesh
Scrolls
 e - 5 scrolls of identify
 g - 2 scrolls of enchant armour
 h - a scroll of amnesia
 j - 2 scrolls of recharging {unknown}
 l - a scroll of enchant weapon II {unknown}
Jewellery
 m - an uncursed amulet of resist corrosion {unknown}
 p - a +3 ring of strength {unknown}
Potions
 k - a potion of brilliance {unknown}
 r - a potion of speed {unknown}
 s - a potion of might {unknown}


   Skills:
 - Level 2.0 Fighting
 + Level 4.2 Maces & Flails
 - Level 1.7 Throwing
 - Level 2.4 Dodging


You had 2 spell levels left.
You didn't know any spells.

Dungeon Overview and Level Annotations

Branches:
Dungeon (3/16)

Altars:


Innate Abilities, Weirdness & Mutations

You cannot wear boots.
You can spit poison.
Your serpentine skin is tough (AC +1).
You have supernaturally acute eyesight.
Armour fits poorly on your strangely shaped body.
Your system is resistant to poisons.
You cover ground very slowly.


Message History

Enchant which item? (? for menu, Esc to quit)
As you read the scroll labeled QEAKLE STUW, it crumbles to dust.
Your +0 leather armour glows green for a moment.
The orc closely misses you. The orc hits you with a falchion.
Read which item? (? for menu, Esc to quit)
As you read the scroll labeled SYRINO SHRIA, it crumbles to dust.
You feel forgetful for a moment.
It was a scroll of amnesia.
The orc hits you but does no damage. The orc hits you.
* * * LOW HITPOINT WARNING * * *
The worm bites you.
* * * LOW HITPOINT WARNING * * *
Unknown command.
Read which item? (? for menu, Esc to quit)
As you read the scroll labeled BIKOALOMUM, it crumbles to dust.
You feel blessed for a moment.
It was a scroll of remove curse.
The orc barely misses you. The orc hits you.
* * * LOW HITPOINT WARNING * * *
The orc hits you.
You die...

... .........
...........
.............
...............
................
.................
..........wo.......
...........@o.......
............o(......
...................
....................
........<...........
...................
..)..............
................
...............


You could see a worm and 3 orcs.

Vanquished Creatures
  A giant gecko (D:1)
  An orc (D:3)
  3 bats
  5 goblins
  6 kobolds
  4 giant cockroaches
  4 giant newts
  A giant newt zombie (D:1)
  A goblin zombie (D:1)
  3 rats
29 creatures vanquished.

Notes
Turn   | Place    | Note
--------------------------------------------------------------
     0 | D:1      | Kae, the Naga Gladiator, began the quest for the Orb.
     0 | D:1      | Reached XP level 1. HP: 19/19 MP: 1/1
   159 | D:1      | Reached XP level 2. HP: 13/26 MP: 2/2
  1282 | D:2      | Reached skill level 4 in Maces & Flails
  1451 | D:2      | Reached XP level 3. HP: 32/32 MP: 3/3
  1884 | D:3      | Slain by an orc

Action                   || total
-------------------------++-------
Melee: Mace              ||    77
       Whip              ||     8
  Use: Scroll            ||     4
       Potion            ||     2
